[Event "Late-Titled-Tuesday-Blitz-October-17-2023"]
[Site "Chess.com"]
[Date "2023.10.17"]
[Round "1"]
[White "adrivillu"]
[Black "jaskol95"]
[Result "1/2-1/2"]
[WhiteElo "2313"]
[BlackElo "2598"]
[TimeControl "180+1"]
[EndTime "14:07:42 PDT"]
[Termination "Game drawn - insufficient material"]

1. e4 c5 2. Nc3 e6 3. f4 d5 4.
Nf3 Nc6 5. Bb5 dxe4 6. Bxc6+ bxc6 7. Nxe4 Nf6 8. d3 c4 9. Nxf6+ Qxf6 10. d4 c5 11. Be3 Bb7 12. O-O Be7 13. c3 cxd4 14. Qa4+ Kf8 15. Bxd4 Qg6 16. f5 exf5 17. Rae1 Qc6 18.
Qc2 Bc5 19. Ne5 Bxd4+ 20. cxd4 Qd5 21. Rxf5 Qxd4+ 22. Kh1 f6 23. Nf3 Qd3 24. Nd4 Qxc2 25. Nxc2 Re8 26. Rc5 Rxe1+ 27. Nxe1 Rg8 28. Rc7 Bd5 29.
Rxa7 h5 30. h3 g5 31. Nc2 Rg7 32. Rxg7 Kxg7 33. Ne3 Be6 34. Kg1 f5 35. Kf2 f4 36.
Nd1 Kf6 37. Nc3 Ke5 38. a4 g4 39. hxg4 hxg4 40. a5 Bd7 41. Ne2 Bc6 42. g3 f3 43. Nc3 Kd4 44. Nd1 Kd3 45. Ne3 Bb5 46. Nxg4 Kc2 47. Ne5 Kxb2 48. Nxc4+ Bxc4 49. g4 Kc3 50. g5 Kb4 51. Kxf3 Kxa5 52. Kf4 Kb6 53. g6 Kc7 54. g7 Kd7 55. g8=Q Bxg8 1/2-1/2

[Event "Late-Titled-Tuesday-Blitz-October-17-2023"]
[Site "Chess.com"]
[Date "2023.10.17"]
[Round "1"]
[White "Kostukov_Alex"]
[Black "Makswolf200817"]
[Result "1-0"]
[WhiteElo "2395"]
[BlackElo "2668"]
[TimeControl "180+1"]
[EndTime "14:07:44 PDT"]
[Termination "Kostukov_Alex won by checkmate"]

1. g3 d5 2. Bg2 Nf6 3. d3 g6 4. e4 dxe4 5. dxe4 Qxd1+ 6. Kxd1 Bg7 7. c3 c6 8. f3 a5 9. a4 Na6 10. Be3 O-O 11. Nd2 Be6 12. Bh3 Bxh3 13. Nxh3 Nd7 14. Nc4 Nac5 15. Kc2 Ne6 16. f4 f5 17. e5 Nc7 18.
Rhd1 Nd5 19. Bg1 Rfd8 20. Ng5 Nf8 21. Nb6 Nxb6 22. Rxd8 Rxd8 23. Bxb6 Ra8 24. Rd1 h6 25.
Nf3 Kf7 26. Rd8 Ra6 27. Be3 Ne6 28. Rb8 g5 29. Rxb7 gxf4 30. gxf4 Ra8 31. Nd4 Nc5 32. Rc7 Nxa4 33. Nxc6 Bf8 34. b3 Nxc3 35. Kxc3 Ke6 36. Bc5 Kd5 37. Nxe7+ Ke4 38. Ng6 Bg7 39. Rxg7 Rc8 40.
Kc4 Rc6 41. Ne7 Rc7 42. Rf7 Kxf4 43. Rxf5+ Ke4 44. e6 Rxe7 45. Bxe7 Kxf5 46. Bd8 Kxe6 47. Bxa5 Kd7 48. Bd2 Kc6 49. b4 h5 50. b5+ Kb6 51.
Be3+ Kb7 52. Kc5 Ka8 53. b6 Kb8 54. Kc6 h4 55. Bf4+ Ka8 56. b7+ Ka7 57. b8=Q+ Ka6 58. Qb6# 1-0

[Event "Late-Titled-Tuesday-Blitz-October-17-2023"]
[Site "Chess.com"]
[Date "2023.10.17"]
[Round "1"]
[White "TigrVShlyape"]
[Black "Laico"]
[Result "1-0"]
[WhiteElo "2824"]
[BlackElo "2441"]
[TimeControl "180+1"]
[EndTime "14:07:47 PDT"]
[Termination "TigrVShlyape won by resignation"]

1. e4 e6 2. d4 d5 3. Nc3 Nf6 4. e5 Nfd7 5. f4 c5 6. Nf3 Nc6 7. Ne2 cxd4 8. Nexd4 Bc5 9. c3 O-O 10. Be3 Qe7 11. Bb5 Ndb8 12. O-O Bd7 13. Bd3 f6 14.
exf6 Qxf6 15. Qc2 h6 16. Rae1 Na6 17. Nxc6 Bxe3+ 18. Rxe3 Bxc6 19. Ne5 Be8 20. Qe2 Nc5 21. Bb1 a6 22. Rg3 Bb5 23. Qc2 Ne4 24. c4 Rac8 25. b3 Be8 26. Re3 Rc7 27. Qd1 Bc6 28. Bxe4 dxe4 29.
Nxc6 Rxc6 30. Rxe4 Qe7 31. Qe2 Qc5+ 32. Kh1 Rf6 33.
h3 Rd6 34. Kh2 Qc7 35. Re5 Rd4 36. Qe3 Qd6 37. Rf2 Rd1 38. c5 Qd4 39. Rxe6 Qxe3 40. Rxe3 Rc6 41. b4 Rb1 42. a3 a5 43. Re4 axb4 44. axb4 b6 45. Rc2 bxc5 46. bxc5 Rb5 47. Re5 Kf7 48. h4 Kf6 49. Kh3 g5 50. hxg5+ hxg5 51. Rxg5 Rb4 52. g3 Rc8 53. c6 Rc7 54. Kg4 Rb1 55.
Rh2 Rb6 56. Rh6+ Kf7 57. Rh7+ Kf6 58. Rxc7 Rb4 59. Rcg7 Rxf4+ 60. gxf4 1-0

[Event "Late-Titled-Tuesday-Blitz-October-17-2023"]
[Site "Chess.com"]
[Date "2023.10.17"]
[Round "1"]
[White "matagordo"]
[Black "MFatigue"]
[Result "0-1"]
[WhiteElo "2293"]
[BlackElo "2592"]
[TimeControl "180+1"]
[EndTime "14:07:48 PDT"]
[Termination "MFatigue won on time"]

1. d4 d5 2. Bf4 Nf6 3. e3 e6 4. Nf3 c5 5. Nbd2 Bd6 6. Ne5 O-O 7. c3 Nc6 8. Bd3 Qc7 9. Ndf3 Ne4 10. O-O f5 11. Nxc6 Bxf4 12. Ne7+ Qxe7 13. exf4 c4 14. Bxe4 fxe4 15. Ne5 Rxf4 16. Re1 Bd7 17. Re3 Raf8 18. Qe1 Be8 19. g3 R4f5 20. Qe2 b5 21. Rf1 a5 22. Qg4 Qf6 23. f4 exf3 24. Rexf3 b4 25. Rxf5 exf5 26. Qf3 Qe6 27. g4 g6 28. Kh1 Kg7 29. h4 h6 30.
Qf4 Rf6 31. g5 hxg5 32. Qxg5 f4 33. Rf3 Qf5 34. Qg1 Qe4 35. Qg2 Rf5 36. h5 Qe1+ 37. Rf1 Rxh5+ 38. Kg1 Qe3+ 39. Rf2 Rf5 40. Qxd5 Rg5+ 41. Kf1 Qc1+ 42. Ke2 Qc2+ 43. Kf3 Rg3+ 44.
Kxf4 Qxf2+ 45. Ke4 Qg2+ 0-1

[Event "Late-Titled-Tuesday-Blitz-October-17-2023"]
[Site "Chess.com"]
[Date "2023.10.17"]
[Round "1"]
[White "Russian_berezka"]
[Black "Inepton_Fermion"]
[Result "1-0"]
[WhiteElo "2686"]
[BlackElo "2381"]
[TimeControl "180+1"]
[EndTime "14:07:49 PDT"]
[Termination "Russian_berezka won on time"]

1. d4 Nf6 2. Bf4 e6 3. e3 h6 4. h3 d5 5. Nd2 Bd6 6. Bxd6 Qxd6 7. f4 c5 8. c3 O-O 9. Ngf3 b6 10. Ne5 Ba6 11.
Bxa6 Nxa6 12. O-O Nc7 13. Qe2 Nd7 14. Nxd7 Qxd7 15. f5 exf5 16. Qh5 Rae8 17. Rae1 cxd4 18. cxd4 Qa4 19. Qxf5 Qxa2 20. Nf3 Qxb2 21. Ne5 Qb4 22. Nd7 Qe7 23. Rf3 Qd6 24. Rc1 Ne6 25. Nxf8 Rxf8 26. Rf2 a5 27. Qd3 Rb8 28. Rfc2 Qd7 29. Qa6 Kh7 30.
Rc8 Rxc8 31. Qxc8 Qb5 32. Qc2+ g6 33. Rb1 Qa6 34. Qb3 a4 35. Qxb6 Qe2 36. Qa7 Qxe3+ 37.
Kh1 Kg7 38. Qxa4 Nxd4 39. Qa1 Qe5 40. Rd1 Nc6 41. Qxe5+ Nxe5 42. Rxd5 Kf6 43. g4 Ke6 44. Ra5 Nd7 45. Kg2 Kf6 46. Kf3 Kg7 47. Ke4 Nf8 48. Ke5 Ne6 49. Ra7 Ng5 50. Ra3 Ne6 51. Kd6 Ng5 52. Ke7 1-0

[Event "Late-Titled-Tuesday-Blitz-October-17-2023"]
[Site "Chess.com"]
[Date "2023.10.17"]
[Round "1"]
[White "SergioMoralesG"]
[Black "eljanov"]
[Result "0-1"]
[WhiteElo "2443"]
[BlackElo "2829"]
[TimeControl "180+1"]
[EndTime "14:07:53 PDT"]
[Termination "eljanov won on time"]

1. d4 Nf6 2. c4 e6 3. Nf3 b6 4. g3 Bb7 5. Bg2 Bb4+ 6. Bd2 Be7 7. Nc3 c6 8. e4 d5 9. cxd5 cxd5 10. e5 Ne4 11. O-O Nxd2 12. Nxd2 Nc6 13. Nb3 Ba6 14. Re1 O-O 15. a3 Qd7 16. Rc1 Rac8 17. Bf1 Bc4 18. Na1 Na5 19. b4 Bxf1 20. Rxf1 Nc4 21. Nc2 Nxe5 22. Nxd5 Qxd5 23. dxe5 Qxe5 24. Ne3 Bg5 25.
Re1 Rxc1 26. Qxc1 Qb8 27. Qc6 Rc8 28. Qd7 Rc7 29. Qd6 Qc8 30. Ng4 Be7 31. Qd3 Rc1 32.
Rxc1 Qxc1+ 33. Kg2 Qc6+ 34. Kg1 f6 35. Ne3 b5 36. h4 a6 37. Kh2 g6 38. Nc2 Kf7 39. Nd4 Qd5 40. Qe3 Bd8 41. Ne2 Qd6 42. Qh6 Kg8 43. Qe3 Bb6 44. Qc3 Kf7 45. Kg2 Qd5+ 46. f3 Qc4 47. Qd2 Qc6 48. Nf4 e5 49. Ne2 Kg7 50. Nc3 Bd4 51. Ne4 Qc4 0-1

[Event "Late-Titled-Tuesday-Blitz-October-17-2023"]
[Site "Chess.com"]
[Date "2023.10.17"]
[Round "1"]
[White "Chessbard1972"]
[Black "KNVB"]
[Result "0-1"]
[WhiteElo "2335"]
[BlackElo "2636"]
[TimeControl "180+1"]
[EndTime "14:07:54 PDT"]
[Termination "KNVB won by checkmate"]

1. d4 Nf6 2. c4 e5 3. dxe5 Ng4 4. e4 Nxe5 5. f4 Nec6 6. Be3 Bb4+ 7. Nd2 Qe7 8. Bd3 Na6 9. a3 Nc5 10. Qc2 Bxd2+ 11.
Bxd2 Nd4 12. Qc3 Ndb3 13. Rd1 Nxd3+ 14. Qxd3 Nc5 15. Qf3 Qxe4+ 16. Qxe4+ Nxe4 17. Be3 d6 18. Nf3 Be6 19. b3 O-O-O 20. O-O Rhe8 21. Bd4 f6 22. Rfe1 Bg4 23. Rd3 Nc5 24. Rde3 Rxe3 25. Rxe3 Bxf3 26. gxf3 Kd7 27. f5 b6 28. b4 Nb7 29. f4 Re8 30. Rg3 Re7 31. Kf2 c5 32. Bc3 a6 33. h4 Kc6 34. h5 h6 35. Rg1 b5 36. cxb5+ axb5 37. Rg6 Rf7 38. Rg3 c4 39. Re3 Kd7 40. Re1 Re7 41.
Rd1 Kc6 42. Bd4 d5 43. Kf3 Rd7 44. Rg1 Re7 45. Rg6 Nd6 46. Bc5 Rf7 47. Kg4 Ne4 48.
Bd4 Nd6 49. Kf3 Rd7 50. Rg1 Nxf5 51. Bf2 d4 52. Re1 d3 53. Be3 Nxe3 54. Kxe3 d2 55. Rd1 c3 56. Rf1 c2 57. Rf2 d1=Q 58.
Re2 Qxe2+ 59. Kxe2 c1=Q 60. Kf3 f5 61. Kg3 Rd3+ 62.
Kh4 Qxf4# 0-1

[Event "Late-Titled-Tuesday-Blitz-October-17-2023"]
[Site "Chess.com"]
[Date "2023.10.17"]
[Round "1"]
[White "ArtemDyachuk"]
[Black "PapaieDudu"]
[Result "1-0"]
[WhiteElo "2679"]
[BlackElo "2367"]
[TimeControl "180+1"]
[EndTime "14:07:56 PDT"]
[Termination "ArtemDyachuk won by checkmate"]

1. e4 c5 2. Nf3 d6 3. d4 cxd4 4. Nxd4 Nf6 5. Nc3 a6 6. h3 e5 7. Nb3 b5 8. g4 Bb7 9. Bg2 b4 10. Nd5 Nxd5 11. exd5 g6 12. Be3 Bg7 13. Qd2 h5 14.
O-O-O h4 15. Qxb4 Qc7 16. Na5 Bc8 17. Rd3 Nd7 18. Rc3 Nc5 19. Bxc5 dxc5 20. Rxc5 Bf8 21.
d6 Qxd6 22. Bc6+ Kd8 23. Rd1 Bh6+ 24. f4 Bxf4+ 25. Qxf4 Qxd1+ 26. Kxd1 exf4 27. Bxa8 Ke7 28. Bf3 Be6 29. c4 Rd8+ 30. Ke2 Rd6 31. Rc7+ Kf6 32. Rc6 Rd4 33. Rxa6 Kg7 34. b3 Rd8 35. c5 Re8 36.
Kf2 g5 37. Nc4 f5 38. Nd6 Rd8 39. gxf5 Bc8 40. f6+ Kf8 41. Ra7 Be6 42. Rh7 Bg8 43.
Rh8 g4 44. hxg4 h3 45. g5 h2 46. g6 Rd7 47. f7 h1=N+ 48. Kg1 Kg7 49. fxg8=Q+ Kf6 50. Qf7+ Ke5 51. Qxd7 Ng3 52. Nc4+ Kf6 53. Qd6+ Kg5 54.
Qe5+ Nf5 55. Rh5+ Kxg6 56. Qxf5+ Kg7 57. Rh7+ Kg8 58. Qf7# 1-0

[Event "Late-Titled-Tuesday-Blitz-October-17-2023"]
[Site "Chess.com"]
[Date "2023.10.17"]
[Round "1"]
[White "Barmen_EV"]
[Black "VincentKeymer"]
[Result "0-1"]
[WhiteElo "2508"]
[BlackElo "3087"]
[TimeControl "180+1"]
[EndTime "14:07:57 PDT"]
[Termination "VincentKeymer won by checkmate"]

1. e4 c6 2. d4 d5 3. e5 Bf5 4. h4 h6 5. g4 Be4 6. f3 Bh7 7. e6 Nf6 8. exf7+ Kxf7 9. g5 hxg5 10. hxg5 Bxc2 11. Qxc2 Rxh1 12. Qg2 Rh5 13. gxf6 exf6 14. Bd3 f5 15. Ne2 Bd6 16. Be3 Nd7 17.
Nbc3 Qh4+ 18. Kd2 Qh2 19. Qxh2 Bxh2 20. f4 Re8 21. b4 Nf6 22. b5 Ng4 23. Nd1 g6 24.
bxc6 bxc6 25. Rc1 Re6 26. Bg1 Rxe2+ 27. Bxe2 Bxg1 28. Rxc6 Bxd4 29. Bf3 Nf6 30. Bxh5 Nxh5 31. Rc7+ Kf6 32. Rc6+ Kg7 33. a4 Nxf4 34. a5 Kf7 35. Ne3 Ke7 36. Nc2 Bf2 37. Ne3 d4 38. Nd1 Bg1 39.
Rc7+ Kd6 40. Rxa7 Kc6 41. Nb2 Be3+ 42. Kc2 d3+ 43. Nxd3 Bxa7 44. Nxf4 g5 45. Ne6 g4 46. Kd3 Kd5 47. Nf4+ Ke5 48. Ng6+ Kf6 49. Nf4 Kg5 50. Ne6+ Kh4 51. Ke2 Kg3 52. Ng5 f4 53. Ne4+ Kg2 54.
Ke1 f3 55. Nd2 g3 56. Kd1 Bc5 57. Ne4 f2 58. Nxc5 f1=Q+ 59. Kc2 Qc4+ 60. Kb2 Qxc5 61.
a6 Qb6+ 62. Kc3 Qxa6 63. Kd4 Kf3 64. Kd5 g2 65. Kd4 g1=Q+ 66. Kd5 Qg5+ 67. Kd4 Qe3+ 68.
Kd5 Qb5+ 69. Kd6 Qbc5+ 70. Kd7 Qee7# 0-1

[Event "Late-Titled-Tuesday-Blitz-October-17-2023"]
[Site "Chess.com"]
[Date "2023.10.17"]
[Round "1"]
[White "Cayse"]
[Black "rdarruda"]
[Result "1-0"]
[WhiteElo "2893"]
[BlackElo "2481"]
[TimeControl "180+1"]
[EndTime "14:07:57 PDT"]
[Termination "Cayse won by resignation"]

1. e4 c5 2. Nf3 Nc6 3. Bb5 g6 4. O-O Bg7 5. Bxc6 bxc6 6. Re1 e5 7. Na3 Ne7 8. Nc4 d6 9. d3 O-O 10. h3 h6 11. a3 Be6 12. b4 cxb4 13. axb4 f6 14. Na5 d5 15. exd5 cxd5 16. Be3 Qd7 17. Bc5 Rfc8 18. Qe2 Bf7 19. Ra3 g5 20. Nd4 Ng6 21.
Ndb3 Nf4 22. Qf1 d4 23. Nd2 Bd5 24. f3 f5 25. Nab3 g4 26. hxg4 fxg4 27. Rea1 gxf3 28. Nxf3 Qg4 29. Nbd2 Rc6 30. Ra6 Re8 31. Rxc6 Bxc6 32.
Rxa7 Re6 33. b5 Bd5 34. Rd7 Rg6 35. Rxd5 Nxd5 36. Ne4 Ne3 37. Qe2 Nxg2 38. Nxd4 exd4 39. Qxg4 Rxg4 40. b6 Ne3+ 41. Kf2 Rg2+ 42. Kf3 Rxc2 43.
Ba3 Rc6 44. Bc5 Be5 45. b7 Nf5 46. Kg4 Ng7 47. Bxd4 Bb8 48. Nf6+ Kf7 49. Nd7 Ne6 50. Nxb8 Nxd4 51. Nxc6 Nxc6 52. Kh5 Kg7 53. d4 Nb8 54. d5 Nd7 55. d6 Kh7 56. Kg4 Kg6 57. Kf4 h5 58. Ke4 Kg5 59. Kd5 h4 60. Kc6 Nb8+ 61.
Kc7 Na6+ 62. Kc8 h3 63. d7 h2 64. d8=Q+ 1-0

[Event "Late-Titled-Tuesday-Blitz-October-17-2023"]
[Site "Chess.com"]
[Date "2023.10.17"]
[Round "1"]
[White "Carlitus2004"]
[Black "MikaelyanArman"]
[Result "0-1"]
[WhiteElo "2471"]
[BlackElo "2876"]
[TimeControl "180+1"]
[EndTime "14:07:58 PDT"]
[Termination "MikaelyanArman won on time"]

1. e4 e5 2. Nc3 Nc6 3. Bc4 Nf6 4. d3 Na5 5. Nge2 c6 6. a4 d5 7. exd5 cxd5 8. Bb5+ Bd7 9. O-O Nc6 10. d4 e4 11. Bg5 a6 12. Bxf6 gxf6 13. Bxc6 bxc6 14. Nf4 Bd6 15. Nce2 Qc7 16. Qd2 h5 17. h3 h4 18.
Kh1 Rg8 19. b3 Rb8 20. Rab1 Bf5 21. Qe3 Rg5 22. c4 Be6 23. Rfc1 Qd7 24. c5 Bc7 25. b4 Kf8 26. Rb3 Kg7 27. Rcb1 Kh7 28. b5 axb5 29. axb5 Rxb5 30. Rxb5 cxb5 31. Qb3 Rf5 32. g3 hxg3 33. fxg3 Rg5 34. Qxb5 Qxb5 35. Rxb5 Bxf4 36. gxf4 Rh5 37. Kg2 Rxh3 38. c6 Re3 39. Kf2 Rf3+ 40.
Ke1 Bg4 41. c7 Re3 42. Rb2 Bxe2 43. Rxe2 Rc3 44. Rb2 Rxc7 45. Rb5 Rd7 46. Kf2 Kg6 47. Kg3 Kf5 48. Rc5 Rd8 49. Rb5 Rg8+ 50. Kf2 Kxf4 51. Rxd5 e3+ 52. Ke2 Rg2+ 53. Kf1 Ra2 54. Rd6 f5 55. Rd7 Kf3 0-1

[Event "Late-Titled-Tuesday-Blitz-October-17-2023"]
[Site "Chess.com"]
[Date "2023.10.17"]
[Round "1"]
[White "BasilSmash"]
[Black "The_Princess_Moon"]
[Result "1-0"]
[WhiteElo "2643"]
[BlackElo "2335"]
[TimeControl "180+1"]
[EndTime "14:08:03 PDT"]
[Termination "BasilSmash won by checkmate"]

1. e4 c5 2. Nf3 a6 3. c4 Nc6 4. d4 cxd4 5. Nxd4 Nxd4 6. Qxd4 d6 7.
Nc3 Nf6 8. f3 g6 9. Be3 Bg7 10.
Be2 O-O 11. Qd2 Rb8 12. O-O Be6 13. Rac1 Qa5 14. b3 Rfc8 15. Rfd1 b5 16. Nd5 Qxd2 17. Bxd2 Bxd5 18. cxd5 Nd7 19. Be3 h5 20. Kf2 Kf8 21. g3 Nc5 22. h4 b4 23. Rc4 Bc3 24. g4 hxg4 25. fxg4 a5 26. Rh1 Nd7 27. h5 Rxc4 28. Bxc4 Kg7 29. h6+ Kh7 30. g5 Ne5 31.
Be2 a4 32. bxa4 Ra8 33. Bd1 f6 34. Ke2 Ra5 35. Bb3 f5 36. exf5 gxf5 37. Bc2 Kg6 38. h7 Nf7 39. Kd3 Bh8 40. Kc4 Ra8 41. Kxb4 Ne5 42.
a5 Rb8+ 43. Bb6 Nd7 44. Kb5 Ne5 45. a4 Rc8 46. a6 Rxc2 47. a7 Rb2+ 48. Ka6 Nc4 49. a5 Nxb6 50. axb6 Ra2+ 51. Kb7 f4 52. a8=Q Rxa8 53. Kxa8 f3 54. b7 Kxg5 55. b8=Q Bg7 56. Qg8 Kf6 57. h8=Q f2 58. Qhxg7+ Kf5 59. Qe6+ Kf4 60.
Qgg4# 1-0

[Event "Late-Titled-Tuesday-Blitz-October-17-2023"]
[Site "Chess.com"]
[Date "2023.10.17"]
[Round "1"]
[White "Qvalda"]
[Black "Nor1lsk"]
[Result "0-1"]
[WhiteElo "2398"]
[BlackElo "2710"]
[TimeControl "180+1"]
[EndTime "14:08:06 PDT"]
[Termination "Nor1lsk won on time"]

1. Nf3 g6 2. e4 Bg7 3. d4 c6 4. Bd3 d5 5. e5 Bg4 6. Nbd2 e6 7. h3 Bxf3 8. Nxf3 Ne7 9. O-O Nd7 10. b3 c5 11. c3 Nc6 12. Be3 Rc8 13. Rc1 O-O 14. Qe2 Qa5 15. Qb2 cxd4 16. cxd4 Rc7 17. a3 Rfc8 18. b4 Qb6 19. Nd2 Ne7 20. Nb3 Rxc1 21.
Rxc1 Rxc1+ 22. Qxc1 Qc6 23. Qxc6 Nxc6 24. Kf1 f6 25. f4 fxe5 26. fxe5 Bf8 27. Ke2 a5 28. b5 Nd8 29. Nxa5 Bxa3 30. Bg5 Nf7 31. Bd2 Nd8 32. Kd1 Be7 33. Kc2 Bh4 34. Kc3 Kf7 35. Nb3 b6 36. Nc1 Ke7 37. Na2 Nb8 38. Nb4 Kd7 39. Bh6 Be7 40. Bg7 Nf7 41. Na6 Kc8 42. Be2 Kb7 43. Nxb8 Kxb8 44. Bg4 Nd8 45. Bf6 Bxf6 46.
exf6 Kc7 47. f7 Nxf7 48. Bxe6 Nd6 49. Kb4 Nf5 50. Kc3 Kd6 51. Bxf5 gxf5 52. Kd3 f4 53. Ke2 Ke6 54. Kf3 Kf5 55. h4 h5 56. g3 fxg3 57.
Kxg3 Ke4 0-1

[Event "Late-Titled-Tuesday-Blitz-October-17-2023"]
[Site "Chess.com"]
[Date "2023.10.17"]
[Round "1"]
[White "Zhigalko_Sergei"]
[Black "scandalgod"]
[Result "1-0"]
[WhiteElo "2950"]
[BlackElo "2499"]
[TimeControl "180+1"]
[EndTime "14:08:09 PDT"]
[Termination "Zhigalko_Sergei won by resignation"]

1. e4 e5 2. Nf3 Nc6 3. Bc4 Nf6 4. d3 Be7 5. O-O O-O 6. Re1 d6 7. c3 Na5 8. Bb5 a6 9. Ba4 b5 10. Bc2 c5 11. Nbd2 Nc6 12. h3 Re8 13. Nf1 Bf8 14. Bg5 h6 15. Bh4 Be6 16. d4 cxd4 17.
cxd4 exd4 18. Nxd4 Nxd4 19. Qxd4 Rc8 20. Ne3 Be7 21.
Rad1 Qa5 22. a3 Rc6 23. Bb1 Rec8 24. Qd3 Kf8 25. Nd5 Bxd5 26. exd5 R6c7 27. Bg3 Qb6 28. Qe2 Re8 29. Qf3 Kg8 30. Rc1 Rxc1 31. Rxc1 Qd4 32. Qc3 Qxd5 33. Qc6 Bf8 34. Qxd5 Nxd5 35. Kf1 Nb6 36.
Ba2 d5 37. Rc6 Nc4 38. Bxc4 bxc4 39. Rxa6 Re6 40. Ra8 Rb6 41. Be5 f6 42. Bd4 Rc6 43.
Rd8 Kf7 44. Rxd5 Bd6 45. Ke2 Ke6 46. Rb5 Be5 47. Bxe5 fxe5 48. Kd2 Kf5 49. a4 Ke4 50. Kc3 Ra6 51. a5 Rc6 52. Rb6 Rc5 53. a6 Kd5 54. Kb4 Rc8 55. a7 Kd4 56. Rb8 1-0

[Event "Late-Titled-Tuesday-Blitz-October-17-2023"]
[Site "Chess.com"]
[Date "2023.10.17"]
[Round "1"]
[White "whiteglovethief"]
[Black "crosky"]
[Result "1-0"]
[WhiteElo "2643"]
[BlackElo "2338"]
[TimeControl "180+1"]
[EndTime "14:08:11 PDT"]
[Termination "whiteglovethief won on time"]

1. d4 Nf6 2. c4 e6 3. Nf3 d5 4. g3 Bb4+ 5. Bd2 Be7 6. Bg2 O-O 7. O-O Nbd7 8. Qc2 c6 9. Bf4 b6 10. cxd5 cxd5 11. Rc1 Ba6 12. Nc3 Rc8 13. Qa4 Bc4 14.
b3 b5 15. Qxa7 b4 16. bxc4 bxc3 17. Rxc3 dxc4 18. Rac1 Ra8 19. Qb7 Rxa2 20. Rxc4 Rxe2 21. Bf1 Ra2 22. Bc7 Qa8 23. Qb1 Nd5 24. Ne5 Nxe5 25. Bxe5 Bf6 26. Rc8 Rxc8 27. Qxa2 Rd8 28. Qe2 Bxe5 29.
Qxe5 Qa3 30. Rb1 g6 31. h4 Qd6 32. Qg5 Ne7 33. Rb7 Nf5 34. Qf6 Rf8 35. Bh3 Qxd4 36. Qg5 h6 37. Qc1 Nxg3 38. Qxh6 Nf5 39. Bxf5 exf5 40.
h5 Qd1+ 41. Kg2 Qxh5 42. Qxh5 gxh5 43. Kg3 Kg7 44. Kf4 Kg6 45. Rb1 Rc8 46. Rg1+ Kf6 47.
Ra1 Rc4+ 48. Kg3 Kg5 49. Ra7 h4+ 50. Kh3 Rc3+ 51. Kg2 f6 52. Rg7+ Kf4 53. Rg6 h3+ 54. Kh2 Kf3 55. Rg3+ Kxf2 56. Rxc3 f4 57. Rc5 f3 58.
Rf5 Ke2 59. Kxh3 1-0

[Event "Late-Titled-Tuesday-Blitz-October-17-2023"]
[Site "Chess.com"]
[Date "2023.10.17"]
[Round "1"]
[White "chessisveryfun1264"]
[Black "Tunahan_Makaraci"]
[Result "0-1"]
[WhiteElo "2617"]
[BlackElo "2356"]
[TimeControl "180+1"]
[EndTime "14:08:12 PDT"]
[Termination "Tunahan_Makaraci won by resignation"]

1. e4 c5 2. Nf3 d6 3. d4 cxd4 4. Qxd4 Nc6 5. Bb5 Bd7 6. Qd3 g6 7. c4 Bg7 8. Nc3 Nf6 9. Be3 O-O 10.
h3 a6 11. Bxc6 Bxc6 12. O-O b5 13. cxb5 axb5 14. Nd4 Qd7 15. Rac1 b4 16. Nxc6 bxc3 17. Rxc3 Rxa2 18. Qc4 Rxb2 19. Bd4 Rb7 20. Rd1 Qe6 21. e5 Qxc4 22. Rxc4 dxe5 23. Bxe5 e6 24. Bd6 Ra8 25. Rdc1 Nd5 26. Na5 Rd7 27. Rc8+ Rd8 28. Rxa8 Rxa8 29. Nc6 Bf6 30. Kh2 Rc8 31. Rc5 Kg7 32. Na7 Rxc5 33.
Bxc5 Be5+ 34. g3 Nc3 35. Nc6 Bf6 36. Be3 Ne4 37. Kg2 Nd6 38. Bf4 Nf5 39. Bc7 h5 40.
Ne5 Bxe5 41. Bxe5+ f6 42. Bc3 Kf7 43. g4 hxg4 44.
hxg4 Nd6 45. f3 e5 46. g5 Nb5 47. Bb2 fxg5 48. Bxe5 Ke6 49. f4 g4 50. Kg3 Kf5 51. Kh4 Na3 52. Kg3 Nc4 53. Bc7 Nb2 54. Kf2 Nd3+ 55.
Ke3 Nb4 56. Kd4 Nc6+ 57. Kd5 Ne7+ 58. Kd4 Ng8 59. Ke3 Nf6 60. Kd4 g3 61. Kd3 Kg4 62. Ke2 Nd5 63. Be5 Nxf4+ 64. Kf1 Kf3 65. Bd4 g2+ 66. Ke1 Nh3 0-1

[Event "Late-Titled-Tuesday-Blitz-October-17-2023"]
[Site "Chess.com"]
[Date "2023.10.17"]
[Round "1"]
[White "Sanan_Sjugirov"]
[Black "Schattman"]
[Result "1-0"]
[WhiteElo "2945"]
[BlackElo "2494"]
[TimeControl "180+1"]
[EndTime "14:08:15 PDT"]
[Termination "Sanan_Sjugirov won on time"]

1. e4 c5 2. Nf3 e6 3. Nc3 Nc6 4. a3 Nd4 5. Nxd4 cxd4 6. Ne2 d5 7. e5 Qb6 8. Ng3 Ne7 9. Bd3 g6 10. O-O Nc6 11. f4 a5 12. b3 h5 13. Bb2 h4 14. Ne2 h3 15. g3 Bd7 16. Qe1 Bc5 17.
Kh1 O-O-O 18. Qf2 g5 19. Rab1 gxf4 20. gxf4 Rdg8 21. Rg1 Kc7 22. Qf3 Ne7 23. Rxg8 Rxg8 24. Qxh3 Bb5 25. Rg1 Rxg1+ 26. Kxg1 Bxd3 27. Qxd3 Nf5 28. Ng3 Nh4 29. Kf1 Qc6 30. Ke2 Qe8 31. Bxd4 Bxd4 32. Qxd4 Qg8 33. f5 Qg5 34. fxe6 fxe6 35.
c4 Ng6 36. cxd5 Nf4+ 37. Kf3 Nxd5 38. h4 Qg6 39. Qg4 Qb1 40. Qc4+ Kb8 41. h5 Qd1+ 42. Qe2 Qxb3+ 43. Kg4 Qxa3 44. Qf3 Qe7 45. h6 a4 46. Qe4 a3 47. Qc2 Qb4+ 48. Kh5 Qe7 49. h7 Qf7+ 50. Kg5 Qg7+ 51. Qg6 Qe7+ 52. Kg4 Qd8 53.
Qg8 1-0

[Event "Late-Titled-Tuesday-Blitz-October-17-2023"]
[Site "Chess.com"]
[Date "2023.10.17"]
[Round "1"]
[White "campochess"]
[Black "2346PL"]
[Result "1-0"]
[WhiteElo "2188"]
[BlackElo "2524"]
[TimeControl "180+1"]
[EndTime "14:08:16 PDT"]
[Termination "campochess won on time"]

1. d4 d6 2. e4 Nf6 3. Nc3 e5 4.
dxe5 dxe5 5. Qxd8+ Kxd8 6. Bg5 Be6 7. O-O-O+ Nd7 8. Nf3 Bd6 9. Nd2 h6 10. Bh4 g5 11.
Bg3 Nh5 12. Nc4 Ke7 13. Ne3 c6 14. Bc4 b5 15. Bb3 a5 16. Bxe6 fxe6 17. Rd2 Ndf6 18. f3 Nxg3 19. hxg3 h5 20. Rhd1 Bb4 21. a3 Bxc3 22.
bxc3 Rad8 23. Rxd8 Rxd8 24. Rxd8 Kxd8 25. c4 Kc7 26. cxb5 cxb5 27. c4 Kb6 28. cxb5 Kxb5 29.
Kb2 Nd7 30. Kc3 Nb6 31. Kb3 a4+ 32. Kc3 Kc5 33. Kd3 Kb5 34. Kc3 Nd7 35. Nc4 Kc5 36. Nb2 Kb5 37. Nd3 g4 38. fxg4 hxg4 39. Nf2 Nc5 40.
Nxg4 Nxe4+ 41. Kd3 Nc5+ 42. Kc3 e4 43. Ne3 e5 44. g4 Ne6 45. Nf5 Nf4 46. Nd6+ Kc6 47. Nxe4 Nxg2 48. g5 Nf4 49. Kc4 Ng6 50. Nc3 Ne7 51.
Nxa4 Kd6 52. Nc3 Ke6 53. a4 Nc6 54. Kc5 Nd4 55. Ne4 Kf5 56. Kd5 Nb3 57. Kc4 Na5+ 58. Kb5 Nb7 59. Kb6 Nd8 60. g6 Kxg6 61. Nc5 Kf5 62. a5 e4 63. a6 e3 64. a7 e2 65. Nd3 1-0

[Event "Late-Titled-Tuesday-Blitz-October-17-2023"]
[Site "Chess.com"]
[Date "2023.10.17"]
[Round "1"]
[White "Lion_DL"]
[Black "Iball95"]
[Result "0-1"]
[WhiteElo "2453"]
[BlackElo "2843"]
[TimeControl "180+1"]
[EndTime "14:08:21 PDT"]
[Termination "Iball95 won on time"]

1. e4 c5 2. Nf3 e6 3. d3 d5 4. Qe2 Nc6 5. g3 Nf6 6. Bg2 g6 7. O-O Bg7 8. Bg5 dxe4 9. dxe4 h6 10. Rd1 Qb6 11. Bc1 O-O 12. c3 Qc7 13. h3 b6 14. a4 Bb7 15. Na3 Rad8 16. Bf4 Qe7 17. Nc4 Rxd1+ 18. Rxd1 Rd8 19. Nd6 Ba8 20. e5 Nd5 21. c4 Nxf4 22. gxf4 Nb4 23. Nb5 a6 24.
Rxd8+ Qxd8 25. Nd6 Bf8 26. Ne4 Be7 27. Nfd2 Kg7 28.
Nb1 Qd3 29. Nbc3 Bc6 30. Bf1 Qd4 31. b3 Bh4 32. Qe3 Nc2 33. Qd2 Nb4 34. Qe3 Be7 35. Bg2 Nc2 36. Qd2 Nb4 37. Qxd4 cxd4 38. Ne2 d3 39.
N2c3 Nc2 40. Nd2 Bd7 41. Be4 Bb4 42. Ncb1 Nd4 43. Bxd3 g5 44. Kf1 gxf4 45. Be4 f5 46.
exf6+ Kxf6 47. Nf3 Bc5 48. Nbd2 Nxf3 49. Nxf3 e5 50. Ke2 Bxh3 51. Bb7 a5 52. Nd2 Bg4+ 53. f3 Bf5 54. Ne4+ Kg6 55. Nc3 Bd4 56. Nd5 Bc2 0-1

[Event "Late-Titled-Tuesday-Blitz-October-17-2023"]
[Site "Chess.com"]
[Date "2023.10.17"]
[Round "1"]
[White "Lennis93"]
[Black "JacksterThePro"]
[Result "1/2-1/2"]
[WhiteElo "2696"]
[BlackElo "2393"]
[TimeControl "180+1"]
[EndTime "14:08:22 PDT"]
[Termination "Game drawn - insufficient material"]

1. c4 c5 2. g3 g6 3. Bg2 Bg7 4. Nc3 Nc6 5. a3 a5 6. d3 d6 7. e3 e5 8. Nge2 Nge7 9. d4 exd4 10. exd4 cxd4 11. Nb5 O-O 12. Nexd4 d5 13. O-O Nxd4 14. Nxd4 dxc4 15. Nb5 Bf5 16. Bg5 Qxd1 17. Raxd1 Nc6 18. Bc1 Rad8 19. Nd6 Nd4 20. Nxb7 Ne2+ 21. Kh1 Rxd1 22. Rxd1 Nxc1 23. Rxc1 Bd3 24. Nxa5 Bxb2 25. Rxc4 Bxc4 26. Nxc4 Rd8 27. Bc6 Rd1+ 28. Kg2 Rc1 29. Bb5 Bd4 30. f4 Bc5 31. a4 Bb4 32. h4 h5 33. Kf3 Kg7 34. f5 Kf6 35. Ne3 Rc3 36. Ke4 gxf5+ 37. Nxf5 Ra3 38. Ne3 Be1 39. Nd5+ Kg7 40. Nf4 Kh6 41.
Be8 Bxg3 42. Nd5 Bxh4 43. Bxf7 Rxa4+ 44. Kf3 Rg4 45. Nf4 Bg5 46. Nxh5 Ra4 47. Ng3 Ra3+ 48. Kg2 Kg7 49. Bd5 Kf6 50. Bf3 Bf4 51. Ne4+ Ke5 52. Nf2 Ra2 53. Kf1 Be3 54. Nd3+ Kd4 55. Be2 Rd2 56.
Nb4 Ke4 57. Nd3 Kd4 58. Ne1 Ra2 59. Nd3 Ra1+ 60. Kg2 Bf4 61. Nxf4 Ke3 62. Kg3 Rg1+ 63. Kh2 Kxf4 64. Kxg1 1/2-1/2